 Dungeon Crawl Stone Soup version 0.30-a0-719-gcc4359ea44 (webtiles) character file.

Game seed: 5160198522803943581

1518 Dittersdorf the Shield-Bearer (level 8, -6/52 HPs)
             Began as a Gargoyle Fighter on Jan 26, 2023.
             Mangled by a yak (13 damage)
             ... on level 5 of the Dungeon.
             The game lasted 00:07:14 (4964 turns).

Dittersdorf the Shield-Bearer (Gargoyle Fighter)    Turns: 4964, Time: 00:07:14

Health: -6/52      AC: 19    Str: 23    XL:     8   Next: 84%
Magic:  8/8        EV:  7    Int:  8    God:
Gold:   1094       SH:  5    Dex:  9    Spells: 7/7 levels left

rFire   . . .      SeeInvis .    h - +3 eveningstar (holy)
rCold   . . .      Faith    .    c - +0 buckler
rNeg    + . .      Spirit   .    r - +0 chain mail
rPois   ∞          Reflect  .    b - +0 helmet
rElec   +          Harm     .    g - +0 cloak
rCorr   .          Rampage  .    a - +0 pair of gloves
Will    .....                    (no boots) Stlth
                                 (no amulet)
HPRegen 0.28/turn                (no ring)
MPRegen 0.11/turn                (no ring)

@: no status effects
A: sickness immunity, AC +5, negative energy resistance 1, electricity
resistance, torment resistance 1, petrification resistance
a: no special abilities


You were on level 5 of the Dungeon.
You visited 1 branch of the dungeon, and saw 6 of its levels.

You collected 1502 gold pieces.
You spent 408 gold pieces at shops.

Inventory:

Hand Weapons
 h - a +3 eveningstar of holy wrath (weapon)
Missiles
 k - 20 poisoned darts (quivered)
Armour
 a - a +0 pair of gloves (worn)
 b - a +0 helmet (worn)
 c - a +0 buckler (worn)
 g - a +0 cloak (worn)
 l - a +0 plate armour
 r - a +0 chain mail (worn)
Jewellery
 j - the ring "Akelumaff" {Ice Str-2 Int+3 SInv}
   (You took it off a centaur on level 5 of the Dungeon)

   [ring of ice]

   It enhances your ice magic.
   Str:       It affects your strength (-2).
   Int:       It affects your intelligence (+3).
   rF:        It makes you vulnerable to fire.
   rC:        It protects you from cold.
   SInv:      It lets you see invisible.
Scrolls
 n - a scroll of teleportation
Potions
 d - a potion of might
 e - a potion of invisibility
 f - 3 potions of curing
 i - a potion of mutation
 o - a potion of brilliance
 p - 2 potions of flight {unknown}


   Skills:
 + Level 6.7 Fighting
 + Level 5.6 Maces & Flails
 + Level 6.7 Armour
 + Level 6.7 Shields


You had 7 spell levels left.
You didn't know any spells.
Your spell library contained the following spells:

 Spells                   Type           Power      Damage    Failure   Level
 Gell's Gravitas          Tloc           0%         N/A       100%        3
 Teleport Other           Tloc           0%         N/A       100%        3
 Dispersal                Tloc           0%         N/A       100%        6


Dungeon Overview and Level Annotations

Branches:
Dungeon (6/15)
 Temple: D:4-7

Altars:
Dithmenos
Uskayaw

Shops:
D:2 (


Innate Abilities, Weirdness & Mutations

You are immune to sickness and miasma.
Your stone body is resilient. (AC +5)
You are immune to poison.
You resist negative energy. (rN+)
You are resistant to electric shocks. (rElec)
You are resistant to unholy torment.
You are immune to petrification.


Message History

There is a stone staircase leading up here.
You block the bullfrog zombie's attack. The yak gores you but does no damage.
The yak closely misses you.
You climb upwards.
There is a stone staircase leading down here.
The yak attacks as you move away! The yak gores you!
* * * LOW HITPOINT WARNING * * *
The yak attacks as you move away! The yak gores you but does no damage.
Things that are here:
a stone; a +0 short sword; a kobold corpse The yak gores you but does no damage.
The yak attacks as you move away! The yak gores you but does no damage.
The yak attacks as you move away! The yak gores you but does no damage.
The yak attacks as you move away! The yak gores you but does no damage.
The yak attacks as you move away! The yak gores you but does no damage.
You block the yak's attack.
You impale the yak!!
The yak is heavily wounded.
The yak barely misses you.
You hit the yak but do no damage.
The yak is heavily wounded.
The yak gores you but does no damage.
You thump the yak!
The yak is severely wounded.
The yak gores you!
* * * LOW HITPOINT WARNING * * *
You barely miss the yak.
The yak is severely wounded.
The yak gores you.
* * * LOW HITPOINT WARNING * * *
You block the yak's attack.
You impale the yak!!
You kill the yak!
You barely miss the yak. The yak gores you.
* * * LOW HITPOINT WARNING * * *
You barely miss the yak. The yak barely misses you.
You sock the yak!
The yak is heavily wounded.
The yak gores you!
You die...

##########.## #..# #..###
#......# #..# ##.###.##
#......# ##[# #.....##
#......# #.## ####...###
#......####..### #......#
#<........##...######......#
#......##..........##......##
#......######...............#
#......# #.Y@...##.#.........
#......###.##..............##
#......#...##.............###
#####....####........###.....
##..## #......#....##...
#...# #.....#####..###.
#.#.## #.....# ##).##)
##.#..## .....# ##....
#..##..##.....# ###.#


You could see a yak.

Vanquished Creatures
  2 yaks (D:5)
  Menkaure (D:5)
  2 black bears
  2 ice beasts (D:5)
  A centaur (D:5)
  A kobold brigand (D:6)
  3 scorpions
  A hound (D:5)
  A gnoll bouda (D:5)
  2 orc priests (D:3)
  An iguana (D:5)
  10 gnolls
  8 adders
  2 worms (D:2)
  4 dart slugs
  12 orcs (D:3)
  2 endoplasms (D:2)
  2 giant cockroaches
  10 goblins
  7 hobgoblins
  11 kobolds
  3 quokkas (D:1)
  11 ball pythons
  7 bats
  6 rats
112 creatures vanquished.

Notes
Turn   | Place    | Note
-------+----------+-------------------------------------------
     0 | D:1      | Dittersdorf the Gargoyle Fighter began the quest for the
                  | Orb.
     0 | D:1      | Reached XP level 1. HP: 14/14 MP: 1/1
   125 | D:1      | Reached XP level 2. HP: 19/19 MP: 2/2
   917 | D:2      | Reached XP level 3. HP: 24/24 MP: 3/3
  1363 | D:2      | Found Roymocoa's Weapon Boutique.
  1379 | D:2      | HP: 1/24 [worm (3)]
  1383 | D:2      | Reached XP level 4. HP: 3/29 MP: 4/4
  1985 | D:2      | Reached XP level 5. HP: 12/33 MP: 5/5
  2451 | D:3      | Found a hide-covered altar of Uskayaw.
  2452 | D:3      | Found a shadowy altar of Dithmenos.
  2523 | D:3      | Found a faded altar of an unknown god.
  2983 | D:3      | Identified the +2 dagger of Lasurphe {venom, rN+ Int+5}
  2991 | D:3      | Reached XP level 6. HP: 32/39 MP: 6/6
  3716 | D:4      | Noticed a black bear
  3724 | D:4      | Killed a black bear
  3725 | D:4      | Reached skill level 5 in Fighting
  3725 | D:4      | Reached skill level 5 in Armour
  3725 | D:4      | Reached skill level 5 in Shields
  3725 | D:4      | Reached XP level 7. HP: 44/44 MP: 7/7
  4282 | D:5      | Entered Level 5 of the Dungeon
  4283 | D:5      | Identified a scroll of acquirement
  4283 | D:5      | Acquired 1147 gold pieces
  4338 | D:2      | Bought a +1 eveningstar of holy wrath for 408 gold pieces
  4713 | D:5      | Noticed Menkaure
  4737 | D:5      | Killed Menkaure
  4738 | D:5      | Reached XP level 8. HP: 33/51 MP: 8/8
  4825 | D:5      | Identified the ring "Akelumaff" {Ice Str-2 Int+3 SInv}
  4831 | D:5      | Paralysed by a centaur for 4 turns
  4838 | D:5      | Reached skill level 5 in Maces & Flails
  4901 | D:6      | Noticed a yak
  4918 | D:6      | Noticed a yak
  4928 | D:5      | Killed a yak
  4930 | D:6      | Noticed a yak
  4961 | D:5      | Killed a yak
  4964 | D:5      | Mangled by a yak

Illustrated notes

Levels and vault maps discovered:
D:1:      shiori_arrival_maze, layout_basic, minmay_unequal
D:2:      layout_basic, serial_shops, nicolae_shop_bloodbath_and_beyond
D:3:      layout_basic, gammafunk_temple_overflow_statue, basic_ecumenical_altar
D:4:      layout_layer_cave, minmay_misc_feat_plants
D:5:      cheibrodos_two_vegetables, layout_rooms, uniq_menkaure
D:6:      layout_gridville, fedhas_altar_decomposition,
          minmay_temple_entry_from_below_a, serial_undead, serial_undead_a,
          serial_undead_c, serial_undead_a, serial_undead_c, serial_undead_f,
          serial_undead_a, cheibrodos_sewer_entry_drain

Skill      XL: |  1  2  3  4  5  6  7  8 |
---------------+-------------------------+-----
Armour         | 4 5 6 |  6.7
Shields        | 4 5 6 |  6.7
Fighting       | 4 5 6 |  6.7
Maces & Flails | 3 4 5 |  5.6

Action                     |  1- 3 |  4- 6 |  7- 9 || total
---------------------------+-------+-------+-------++-------
  Melee: Flail             |   134 |   208 |     2 ||   344
         Eveningstar       |       |       |   127 ||   127
  Throw: Dart              |       |     3 |       ||     3
    Use: Scroll            |       |    10 |     5 ||    15
 Armour: Scale mail        |    77 |    18 |       ||    95
         Chain mail        |       |   200 |   225 ||   425
  Dodge: Dodged            |    64 |   106 |    97 ||   267
  Block: Buckler           |    34 |    66 |    73 ||   173

Table legend: (Time is in decaauts)
 A = Elapsed time spent in this place.
 B = Non-inter-level travel time spent in this place.
 C = Inter-level travel time spent in this place.
 D = Time resting spent in this place.
 E = Time spent auto-exploring this place.
 F = Levels seen in this place.
 G = Mean time per level.
                   A        B        C        D        E       F      G
               +--------+--------+--------+--------+--------+-----+--------+
         Total |   5132 |   4841 |    291 |    757 |   2822 |   6 |  855.3 |
       Dungeon |   5132 |   4841 |    291 |    757 |   2822 |   6 |  855.3 |
               +--------+--------+--------+--------+--------+-----+--------+

Top non-repeatable levels by time:
     D:2: 1369 daAuts
     D:4: 1147 daAuts
     D:3: 1073 daAuts
     D:1: 927 daAuts
     D:5: 569 daAuts
     D:6: 45 daAuts
